 Dungeon Crawl Stone Soup version 0.27-a0-1321-gd358eaa319 (webtiles) character file.

Game seed: 13313596923991411284

122 Delamore the Skirmisher (level 5, -6/43 HPs)
             Began as a Formicid Fighter on June 22, 2021.
             Killed by divine providence
             ... invoked by an orc priest
              (10 damage)
             ... on level 3 of the Dungeon.
             The game lasted 00:01:53 (2124 turns).

Delamore the Skirmisher (Formicid Fighter)          Turns: 2124, Time: 00:01:54

Health: -6/43      AC:  6    Str: 22    XL:     5   Next: 27%
Magic:  5/5        EV:  8    Int:  7    God:
Gold:   101        SH:  9    Dex: 10    Spells: 4/4 levels left

rFire    . . .     SeeInvis +   a - +0 trident
rCold    . . .     Faith    .   c - +0 kite shield
rNeg     . . .     Spirit   .   b - +0 scale mail
rPois    .         Reflect  .   (helmet unavailable)
rElec    .         Harm     .   (no cloak)
rCorr    .         Rampage  .   (no gloves)
Will     .....                  (no boots)
Stlth    ..........             (no amulet)
HPRegen  0.14/turn              (no ring)
MPRegen  0.09/turn              (no ring)

@: no status effects
A: permanent stasis, dig shafts and tunnels, antennae 3, four strong arms
a: Dig, Shaft Self


You were on level 3 of the Dungeon.
You visited 1 branch of the dungeon, and saw 3 of its levels.

You collected 101 gold pieces.

Inventory:

Hand Weapons
 a - a +0 trident (weapon)
Missiles
 m - 2 boomerangs (quivered)
Armour
 b - a +0 scale mail (worn)
 c - a +0 kite shield (worn)
 l - a +0 pair of boots
Jewellery
 f - a ring of ice
Scrolls
 h - 2 scrolls of fog
 k - a scroll of immolation
Potions
 d - a potion of might
 e - a potion of berserk rage
 g - a potion of heal wounds {unknown}
 i - a potion of curing
 j - a potion of degeneration {unknown}


   Skills:
 + Level 4.3 Fighting
 * Level 4.3 Polearms
 - Level 3.2 Armour
 - Level 3.6 Shields


You had 4 spell levels left.
You didn't know any spells.
Your spell library was empty.

Dungeon Overview and Level Annotations

Branches:
Dungeon (3/15)

Altars:


Innate Abilities, Weirdness & Mutations

You cannot be hasted, slowed, berserked, paralysed or teleported.
You can dig through walls and to a lower floor.
You have a pair of large antennae on your head. (SInv)
Your four strong arms can wield two-handed weapons with a shield.


Message History

The orc wizard hits you with a +0 dagger.
The orc wizard points at you and mumbles some strange words.
You resist with some effort.
You bump into the rock wall.
The orc wizard points at you and mumbles some strange words.
The puff of flame hits you.
You hit the orc wizard but do no damage.
The orc wizard is heavily wounded.
The orc wizard hits you but does no damage.
You bump into the rock wall.
The orc wizard hits you but does no damage.
You closely miss the orc wizard.
The orc wizard is heavily wounded.
You feel less confused. You block the orc wizard's attack.
You barely miss the orc wizard.
The orc wizard is heavily wounded.
The orc wizard hits you but does no damage.
You puncture the orc wizard!
You kill the orc wizard!
The orc priest hits you with a +0 club.
You completely miss the orc priest.
The orc priest hits you but does no damage.
You barely miss the orc priest.
The orc priest hits you but does no damage.
You hit the orc priest but do no damage.
The orc priest hits you with a +0 club.
You hit the orc priest but do no damage.
You block the orc priest's attack.
The orc priest invokes the aid of Beogh against you.
Beogh smites you!
* * * LOW HITPOINT WARNING * * *
You barely miss the orc priest.
The orc priest mumbles some strange prayers to Beogh against you.
Pain shoots through your body!
* * * LOW HITPOINT WARNING * * *
You hit the orc priest but do no damage.
The orc priest calls down the wrath of Beogh upon you.
Beogh smites you!
You die...

### #@##
##o#
########{###
..o...)....#
##########.#
#.# #.##
#..# ##.#


You could see an orc priest.

Vanquished Creatures
  An orc wizard (D:3)
  3 adders
  3 worms (D:2)
  A dart slug (D:1)
  6 orcs
  4 bats
  6 endoplasms
  2 giant cockroaches (D:2)
  4 hobgoblins
  2 jackals (D:1)
  4 kobolds
  3 quokkas (D:1)
  A ball python (D:1)
  3 frilled lizards
  5 goblins
  5 rats
53 creatures vanquished.

Notes
Turn   | Place    | Note
-------+----------+-------------------------------------------
     0 | D:1      | Delamore the Formicid Fighter began the quest for the Orb.
     0 | D:1      | Reached XP level 1. HP: 18/18 MP: 1/1
   318 | D:1      | Reached XP level 2. HP: 24/24 MP: 2/2
   802 | D:1      | Reached XP level 3. HP: 27/30 MP: 3/3
  1117 | D:2      | Reached XP level 4. HP: 30/37 MP: 4/4
  1638 | D:2      | Found a faded altar of an unknown god.
  2095 | D:3      | Reached XP level 5. HP: 40/42 MP: 5/5
  2124 | D:3      | Killed from afar by an orc priest

Illustrated notes

Levels and vault maps discovered:
D:1:      lemuel_arrival_behind_the_door_large, layout_basic
D:2:      layout_basic, shapermc_ecumenical_altar_mp_ritualfount
D:3:      layout_basic, solitary_fountain, wad_floor_pattern_2

Skill      XL: |  1  2  3  4 |
---------------+-------------+-----
Polearms       | 3 4 |  4.3
Fighting       | 4 |  4.3
Armour         | |  3.2
Shields        | |  3.6

Action                   |  1- 3 |  4- 6 || total
-------------------------+-------+-------++-------
Melee: Trident           |   108 |    97 ||   205
 Abil: Dig               |       |     1 ||     1
  Use: Scroll            |       |     5 ||     5
Armor: Scale mail        |    41 |    26 ||    67
Dodge: Dodged            |    33 |    21 ||    54
Block: Kite shield       |    65 |    30 ||    95

Table legend: (Time is in decaauts)
 A = Elapsed time spent in this place.
 B = Non-inter-level travel time spent in this place.
 C = Inter-level travel time spent in this place.
 D = Time resting spent in this place.
 E = Time spent auto-exploring this place.
 F = Levels seen in this place.
 G = Mean time per level.
                   A        B        C        D        E       F      G
               +--------+--------+--------+--------+--------+-----+--------+
         Total |   2191 |   2142 |     49 |    318 |   1389 |   3 |  730.3 |
       Dungeon |   2191 |   2142 |     49 |    318 |   1389 |   3 |  730.3 |
               +--------+--------+--------+--------+--------+-----+--------+

Top non-repeatable levels by time:
     D:1: 1085 daAuts
     D:2: 760 daAuts
     D:3: 344 daAuts
